 Dungeon Crawl Stone Soup version 0.31-a0-1620-gcbf77bbcfc (webtiles) character file.

Game seed: 6172152970269426379

2543 Ivernyr the Blocker (level 9, -2/68 (72) HPs)
             Began as a Formicid Fighter on Jan 11, 2024.
             Was a Believer of Zin.
             Slain by a troll (12 damage)
             ... on level 12 of the Dungeon.
             The game lasted 00:13:58 (6811 turns).

Ivernyr the Blocker (Formicid Fighter)              Turns: 6811, Time: 00:13:59

HP:   -2/68 (72)    AC:  9    Str: 25    XL:     9   Next: 85%
MP:   12/12         EV:  9    Int:  8    God:    Zin [**....]
Gold: 185           SH:  8    Dex: 13    Spells: 8/8 levels left

rFire   . . .        w - +13 consecrated labrys {holy, Valiant ^Fragile Fly SInv}
rCold   . . .        c - +2 buckler
rNeg    . . .        b - +0 scale mail
rPois   +            (helmet unavailable)
rElec   .            (no cloak)
rCorr   .            n - +0 pair of gloves
SInv    +            (no boots)
Will    .....        (no amulet) Stlth
                     A - ring of poison resistance
HPRegen 0.31/turn    F - +4 ring of slaying
MPRegen 0.13/turn

%: no passive effects
@: mighty, flying, drained
A: permanent stasis, dig shafts and tunnels, antennae 3, four strong arms
a: Dig, Shaft Self, Renounce Religion, Recite, Vitalisation, Donate Gold


You were on level 12 of the Dungeon.
You worshipped Zin.
Zin was pleased with you.
You visited 2 branches of the dungeon, and saw 10 of its levels.

You collected 277 gold pieces.
You spent 65 gold pieces at shops.
You donated 27 gold pieces to Zin.

Inventory:

Hand Weapons
 w - the +13 consecrated labrys (weapon) {holy, Valiant ^Fragile Fly SInv}
   (You found it on level 4 of the Dungeon)

   Valiant:   It becomes more powerful as more dangerous foes come into view.
   SInv:      It lets you see invisible.
   Fly:       It grants you flight.
   ^Fragile:  It will be destroyed if unequipped.
Armour
 b - a +0 scale mail (worn)
 c - a +2 buckler (worn)
 n - a +0 pair of gloves (worn)
Jewellery
 A - a ring of poison resistance (left hand)
 F - a +4 ring of slaying (right hand)
 G - a +5 ring of evasion
Wands
 u - a wand of roots (36)
Scrolls
 e - 2 scrolls of enchant weapon
 f - 3 scrolls of noise
 g - 5 scrolls of teleportation {unknown}
 i - a scroll of enchant armour {unknown}
 l - a scroll of immolation {unknown}
 m - a scroll of summoning {unknown}
 o - 2 scrolls of poison {unknown}
 r - a scroll of vulnerability {unknown}
 v - a scroll of revelation
 y - a scroll of fear
 B - 3 scrolls of identify
 C - a scroll of silence {unknown}
 D - 2 scrolls of amnesia {unknown}
 H - a scroll of fog {unknown}
Potions
 a - 2 potions of ambrosia {unknown}
 h - 2 potions of brilliance {unknown}
 j - 2 potions of berserk rage {unknown}
 k - a potion of lignification {unknown}
 p - a potion of attraction {unknown}
 q - 3 potions of heal wounds
 s - 2 potions of curing {unknown}
 t - a potion of haste {unknown}
 x - 2 potions of cancellation {unknown}
 z - a potion of invisibility {unknown}
 E - a potion of enlightenment {unknown}


   Skills:
 + Level 7.1 Fighting
 * Level 5.0 Axes
 - Level 4.6 Staves
 + Level 7.1 Armour
 + Level 8.6 Shields
 + Level 4.3 Invocations


You had 8 spell levels left.
You didn't know any spells.
Your spell library contained the following spells:

 Spells                   Type           Power      Damage    Failure   Level
 Cigotuvi's Dreadful Rot  Necr/Alch/Air  0%         N/A       85%         2
 Mercury Vapours          Alch/Air       0%         N/A       85%         2
 Inner Flame              Hex/Fire       0%         N/A       97%         3
 Mephitic Cloud           Conj/Alch/Air  0%         N/A       97%         3
 Stone Arrow              Conj/Erth      0%         3d7       97%         3
 Summon Ice Beast         Ice/Summ       0%         N/A       97%         3
 Animate Armour           Summ/Erth      0%         N/A       100%        4
 Flame Wave               Conj/Fire      0%         2d4       100%        4
 Fulminant Prism          Conj/Alch      0%         3d5       100%        4
 Ignite Poison            Fire/Alch      0%         N/A       100%        4
 Iskenderun's Mystic Bla  Conj/Tloc      0%         2d3       100%        4
 Sticky Flame             Fire/Alch      0%         2d4       100%        4
 Freezing Cloud           Conj/Ice/Air   0%         6-21      100%        5
 Summon Mana Viper        Hex/Summ       0%         N/A       100%        5
 Sculpt Simulacrum        Ice/Alch       0%         N/A       100%        6
 Monstrous Menagerie      Summ           0%         N/A       100%        7


Dungeon Overview and Level Annotations

Branches:
Dungeon (12/15)            Temple (1/1) D:4
   Lair: D:8-11         Orc: D:9-12

Altars:
Ashenzari
Cheibriados
Dithmenos
Elyvilon
Fedhas
Hepliaklqana
Kikubaaqudgha
Makhleb
Nemelex Xobeh
Okawaru
Qazlal
Ru
Sif Muna
Trog
Uskayaw
Vehumet
Wu Jian
Xom
Yredelemnul
Zin

Shops:
D:5 *

Annotations:
D:3 2 transporters, TheSeeker391's ghost, amateur HOFi
D:7 Jeremiah


Innate Abilities, Weirdness & Mutations

You cannot be hasted, slowed, berserked, paralysed or teleported.
You can dig through walls and to a lower floor.
You have a pair of large antennae on your head. (SInv)
Your four strong arms can wield two-handed weapons with a shield.


Message History

Found a scroll labelled OLALOI REVVO.
Found a stone staircase leading down.
You start resting.
HP restored.
D - 2 scrolls labelled OLALOI REVVO (gained 1)
You reach down and open the door.
There is an open door here.
Found 11 gold pieces. 2 trolls come into view.
The troll shouts! x2
There are no items here.
Okay, then.
You feel very mighty all of a sudden.
You slice the troll!!
The troll is heavily wounded.
The troll bites you! The troll closely misses you.
The troll claws you but does no damage.
You slice the troll!!
The troll is almost dead.
You block the troll's attack. The troll claws you. x2
You slice the troll!!
You kill the troll!
The troll leather armour is intact enough to wear.
The troll bites you. The troll claws you but does no damage.
The troll barely misses you.
Your Axes skill increases to level 5!
You barely miss the troll. The troll closely misses you.
You block the troll's attack. The troll claws you!
You completely miss the troll. The troll bites you but does no damage.
You block the troll's attack. The troll closely misses you.
You barely miss the troll. The troll bites you! You block the troll's attack.
The troll claws you.
* * * LOW HITPOINT WARNING * * *
You block the troll's attack. The troll claws you.
* * * LOW HITPOINT WARNING * * *
The troll claws you!
* * * LOW HITPOINT WARNING * * *
You slash the troll!
The troll is moderately wounded.
The troll bites you!
You die...

#............#
#............#
#............#
#............#
#......>.....#
+............#
#............#
##########'###
###.T@.#
#...#### #.###
#..........
#$.......T.
#.....T....
...........
##..........
#..........


You could see a troll.

Vanquished Creatures
  A troll (D:12)
  Grinder (D:3)
  3 yaks
  A sky beast (D:7)
  6 ice beasts
  An ogre (D:6)
  A bullfrog (D:6)
  2 howler monkeys
  2 hounds (D:5)
  2 jellies
  2 gnoll boudas (D:7)
  Natasha (thrice) (D:2)
  A sleepcap (D:5)
  3 iguanas
  6 orc wizards
  Robin (D:3)
  10 gnolls
  6 adders
  A shadow imp (D:6)
  4 ufetubi
  2 dart slugs
  A ribbon worm (D:5)
  19 orcs
  5 endoplasms
  4 giant cockroaches
  8 hobgoblins
  9 jackals
  2 quokkas
  7 ball pythons
  7 bats
  4 frilled lizards
  10 goblins (D:3)
  3 kobolds
138 creatures vanquished.

Notes
Turn   | Place    | Note
-------+----------+-------------------------------------------
     0 | D:1      | Ivernyr the Formicid Fighter began the quest for the Orb.
     0 | D:1      | Reached XP level 1. HP: 18/18 MP: 1/1
   415 | D:1      | Reached XP level 2. HP: 24/24 MP: 2/2
   986 | D:2      | Reached XP level 3. HP: 29/29 MP: 3/3
  1035 | D:2      | Reached XP level 4. HP: 30/37 MP: 4/4
  1227 | D:2      | Noticed Natasha
  1229 | D:2      | Found a faded altar of an unknown god.
  1242 | D:2      | Killed Natasha
  1296 | D:2      | Noticed Natasha
  1304 | D:2      | Reached XP level 5. HP: 22/42 MP: 5/5
  1308 | D:2      | Killed Natasha
  1309 | D:2      | Reached skill level 5 in Shields
  1655 | D:2      | Noticed Natasha
  1662 | D:2      | Killed Natasha
  1746 | D:2      | Reached XP level 6. HP: 13/49 MP: 6/6
  1957 | D:3      | Noticed Grinder
  2123 | D:3      | Killed Grinder
  2124 | D:3      | Reached skill level 5 in Armour
  2124 | D:3      | Reached skill level 6 in Shields
  2124 | D:3      | Reached XP level 7. HP: 55/55 MP: 7/7
  2128 | D:3      | Found a hazy altar of Hepliaklqana.
  2136 | D:3      | Found a transporter.
  2137 | D:3      | Found a transporter.
  2154 | D:3      | Reached skill level 5 in Fighting
  2249 | D:3      | Got the Incunable of Petrous Frost
  2252 | D:3      | Noticed Robin
  2290 | D:3      | Killed Robin
  2480 | D:3      | Noticed TheSeeker391's ghost (amateur HOFi)
  2500 | D:3      | Found a sparkling altar of Nemelex Xobeh.
  3204 | D:4      | Found the +4 consecrated labrys {holy, Valiant ^Fragile Fly
                  | SInv}
  3295 | D:4      | Found a staircase to the Ecumenical Temple.
  3302 | D:4      | Got the Volume of Arcane Weapons
  3312 | Temple   | Entered the Ecumenical Temple
  3321 | Temple   | Became a worshipper of Zin the Law-Giver
  3321 | Temple   | Reached * piety under Zin
  3607 | D:5      | Entered Level 5 of the Dungeon
  3661 | D:5      | Found Commiont's General Store.
  3671 | D:5      | Bought a potion of heal wounds for 65 gold pieces
  3760 | D:5      | Reached XP level 8. HP: 63/63 MP: 8/8
  4036 | D:5      | You are sucked into a shaft and drop 2 floors!
  4308 | D:7      | Reached skill level 7 in Shields
  4363 | D:7      | Reached skill level 1 in Invocations
  4440 | D:7      | Reached skill level 1 in Axes
  4952 | D:5      | Found a snail-covered altar of Cheibriados.
  5237 | D:6      | Reached ** piety under Zin
  5249 | D:6      | Found an iron altar of Okawaru.
  5339 | D:6      | Reached XP level 9. HP: 70/70 MP: 9/11
  5711 | D:7      | Reached skill level 8 in Shields
  6448 | D:7      | Found a stormy altar of Qazlal.
  6460 | D:7      | Noticed Jeremiah
  6495 | D:7      | You are sucked into a shaft and drop 2 floors!
  6633 | D:9      | Noticed a troll
  6639 | D:9      | You are sucked into a shaft and drop 3 floors!
  6798 | D:12     | Noticed a troll
  6798 | D:12     | Noticed a troll
  6807 | D:12     | Killed a troll
  6808 | D:12     | Reached skill level 5 in Axes
  6811 | D:12     | Slain by a troll

Illustrated notes

Levels and vault maps discovered:
D:1:      elethiomel_arrival_maze, layout_basic, nrook_campfire,
          minmay_misc_feat_hallway, amcnicky_mini_corridor_feature,
          hangedman_abyss_or_decor_stabs, dreamdust_princess_bridge,
          st_stairs_13, chequers_serial_rivers_small_a
D:2:      layout_loops_ring, shapermc_ecumenical_altar_gd, uniq_natasha
D:3:      layout_basic, mainiacjoe_overflow_boulevard,
          mainiacjoe_overflow_concentric_impassable,
          gammafunk_ghost_gnarly_gnolls, uniq_grinder, uniq_robin
D:4:      layout_cave_pools, temple_fountains, grunt_decor_one_mirror
D:5:      layout_cave_pods, cheibrodos_worm_habitat, serial_shops,
          nicolae_shop_temple_entry_statues_fountains
D:6:      layout_gridville, old_standard_altar, minivault_25
D:7:      layout_layer_cave, nicolae_qazlal_general_emergency,
          nrook_mini_backslash, dreamdust_gnoll_shepherd, uniq_jeremiah
D:9:      kennysheep_town
D:12:     layout_roguey, minmay_orc_keep
Temple:   minmay_freezing_vapour_temple

Skill      XL: |  1  2  3  4  5  6  7  8  9 |
---------------+----------------------------+-----
Fighting       | 4 5 6 7 |  7.1
Armour         | 4 5 6 7 |  7.1
Staves         | 3 4 |  4.6
Shields        | 5 6 7 8 |  8.6
Invocations    | 2 4 |  4.3
Axes           | 2 5 |  5.0

Action                     |  1- 3 |  4- 6 |  7- 9 || total
---------------------------+-------+-------+-------++-------
  Melee: Quarterstaff      |    51 |   104 |   141 ||   296
         Labrys            |       |       |   149 ||   149
Ability: Shaft Self        |       |       |     3 ||     3
         Dig               |       |       |     1 ||     1
    Use: Scroll            |       |       |     4 ||     4
         Potion            |       |       |     1 ||     1
 Armour: Scale mail        |    28 |    72 |   232 ||   332
  Dodge: Dodged            |    28 |    58 |   123 ||   209
  Block: Buckler           |    16 |    21 |   102 ||   139

Table legend: (Time is in decaauts)
 A = Elapsed time spent in this place.
 B = Non-inter-level travel time spent in this place.
 C = Inter-level travel time spent in this place.
 D = Time resting spent in this place.
 E = Time spent auto-exploring this place.
 F = Levels seen in this place.
 G = Mean time per level.
                   A        B        C        D        E       F      G
               +--------+--------+--------+--------+--------+-----+--------+
         Total |   6928 |   6721 |    207 |   1443 |   3950 |  10 |  692.8 |
       Dungeon |   6914 |   6707 |    207 |   1443 |   3950 |   9 |  768.2 |
        Temple |     14 |     14 |      0 |      0 |      0 |   1 |   14.0 |
               +--------+--------+--------+--------+--------+-----+--------+

Top non-repeatable levels by time:
     D:7: 1293 daAuts
     D:2: 1136 daAuts
     D:1: 955 daAuts
     D:3: 943 daAuts
     D:5: 840 daAuts
     D:6: 830 daAuts
     D:4: 595 daAuts
    D:12: 174 daAuts
     D:9: 144 daAuts
  Temple: 14 daAuts
